 Dungeon Sprint DCSS version 0.20-a0-45-gb3e417c (webtiles) character file.

109 esc the Magician (level 4, -2/28 HPs)
             Began as a Deep Elf Fire Elementalist on Nov 12, 2016.
             Slain by Sigmund
             ... wielding a +0 scythe of venom
              (5 damage)
             ... in the Dungeon (Sprint I: "Red Sonja").
             The game lasted 00:01:30 (308 turns).

esc the Magician (Deep Elf Fire Elementalist)        Turns: 308, Time: 00:01:31

Health: -2/28      AC:  2    Str:  5    XL:     4   Next: 60%
Magic:  14/14      EV: 15    Int: 21    God:
Gold:   54         SH:  0    Dex: 15    Spells: 1 memorised, 14 levels left

rFire  . . .     SeeInvis .     (no weapon)
rCold  . . .     Gourm    .     a - +0 robe
rNeg   . . .     Faith    .     (no shield)
rPois  .         Spirit   .     (no helmet)
rElec  .         Reflect  .     (no cloak)
rCorr  .         Harm     .     (no gloves)
MR     .....     NoTele   +     (no boots)
Stlth  ++........               (no amulet)
                                (no ring)
                                (no ring)

@: lethally poisoned (-2 -> -5)
A: no striking features
a: no special abilities


You were in the Dungeon.
You were not hungry.

You visited 1 branch You collected 54 gold pieces.

Inventory:

Armour
 a - a +0 robe (worn)
Scrolls
 i - a scroll of blinking {!r}
Potions
 d - a potion of curing
 e - a potion of heal wounds
 f - a potion of haste
 g - 2 potions of magic
Books
 b - a book of Flames
Comestibles
 c - a bread ration {@e1}


   Skills:
 + Level 3.1 Fighting
 + Level 5.4 Dodging
 - Level 2.4 Stealth
 + Level 6.1 Spellcasting
 + Level 4.5 Conjurations
 + Level 5.5 Fire Magic


You had 14 spell levels left.
You knew the following spells:

 Your Spells              Type           Power        Failure   Level  Hunger
a - Flame Tongue          Conj/Fire      ####.        1%          1    None


Dungeon Overview and Level Annotations

Branches:
Dungeon (1/1)

Altars:

Annotations:
D Sigmund


Message History

The flame tongue hits the ogre.
You now have 7/9 mp.
Aim: an ogre, wielding a giant club (severely wounded)
The flame tongue hits the ogre.
You kill the ogre!
Your Fighting skill gained 2 levels and is now at level 3!
Your Dodging skill gained 2 levels and is now at level 5!
Your Spellcasting skill gained 2 levels and is now at level 6!
Your Conjurations skill gained 2 levels and is now at level 4!
Your Fire Magic skill increases to level 5!
You have reached level 3!
Your experience leads to an increase in your attributes!
Increase (S)trength, (I)ntelligence, or (D)exterity?
You feel clever.
You have reached level 4!
You feel clever.
Health restored: 28
There is an open door here.
You open the door.
There is an open door here.
You now have 27 gold pieces.
You now have 54 gold pieces (gained 27).
There is an open door here.
You start resting.
MP restored: 14 You open the door.
Sigmund the Dreaded comes into view.
He is wielding a scythe of venom.
Aim: Sigmund, wielding a scythe of venom and wearing a robe (resting)
The flame tongue hits Sigmund.
Sigmund shouts!
Sigmund gestures at you while chanting. You resist with some effort.
You now have 13/14 mp.
Aim: Sigmund, wielding a scythe of venom and wearing a robe (moderately wounded)
The flame tongue hits Sigmund.
You now have 12/14 mp.
Sigmund points at you and mumbles some strange words.
You are confused.
There is an open door here.
You bump into the rock wall.
Sigmund completely misses you.
You bump into the stone wall.
Sigmund hits you from afar with a scythe of venom.
You take 3 damage, and have 25/28 hp.
Unknown command.
You bump into the stone wall.
Sigmund casts a spell at you.
You are more confused.
Sigmund points at you and mumbles some strange words.
You resist with some effort.
You're too confused to move!
Sigmund misses you.
You see here a giant club.
Sigmund points at you and mumbles some strange words.
You are more confused.
You bump into the rock wall.
Sigmund misses you.
There is an open door here.
MP restored: 14 Sigmund barely misses you.
You see here a giant club.
You bump into the stone wall.
You barely miss Sigmund. Sigmund casts a spell at you. The magic dart hits you!
You take 9 damage, and have 17/28 hp.
MASSIVE DAMAGE!!
You bump into the stone wall.
Sigmund completely misses you.
You're too confused to move!
Sigmund screams, "Don't try to resist!"
Sigmund gestures at you while chanting. The puff of flame hits you!
You take 8 damage, and have 9/28 hp.
MASSIVE DAMAGE!!
You barely miss Sigmund.
Sigmund hits you with a scythe of venom.
* * * LOW HITPOINT WARNING * * *
You are lethally poisoned!
You take 4 damage, and have 5/28 hp.
You hit Sigmund.
* * * LOW HITPOINT WARNING * * *
You feel sick.
You take 1 damage, and have 4/28 hp.
You closely miss Sigmund. Sigmund barely misses you.
You barely miss Sigmund.
* * * LOW HITPOINT WARNING * * *
You feel sick. Sigmund closely misses you.
You take 1 damage, and have 3/28 hp.
You barely miss Sigmund.
You feel less confused.
You hit Sigmund but do no damage.
* * * LOW HITPOINT WARNING * * *
You feel sick.
Sigmund points at you and mumbles some strange words.
You resist with some effort.
You don't know that spell.
You don't know that spell.
Okay, then.
Unknown command.
You hit Sigmund but do no damage.
Sigmund hits you with a scythe of venom.
You die...

#############
#<.#..'@@#..+
#..[..#..'..#
#..#####'####
#..# #..#
#..# ####
#..# #⌠⌠#
####


You could see Sigmund.

Vanquished Creatures
  An ogre (D)
  Ijyb (D)
2 creatures vanquished.

Notes
Turn   | Place    | Note
-------+----------+-------------------------------------------
     0 | D        | esc the Deep Elf Fire Elementalist began the quest for the Orb.
     0 | D        | Reached XP level 1. HP: 10/10 MP: 6/6
     1 | D        | Noticed Ijyb
    16 | D        | Killed Ijyb
    16 | D        | Reached skill level 1 in Fighting
    16 | D        | Reached skill level 3 in Dodging
    16 | D        | Reached skill level 4 in Spellcasting
    16 | D        | Reached skill level 2 in Conjurations
    16 | D        | Reached skill level 4 in Fire Magic
    16 | D        | Reached XP level 2. HP: 7/17 MP: 1/9
   230 | D        | Noticed an ogre
   233 | D        | Killed an ogre
   233 | D        | Reached skill level 3 in Fighting
   233 | D        | Reached skill level 5 in Dodging
   233 | D        | Reached skill level 6 in Spellcasting
   233 | D        | Reached skill level 4 in Conjurations
   233 | D        | Reached skill level 5 in Fire Magic
   233 | D        | Reached XP level 3. HP: 23/23 MP: 6/12
   233 | D        | Reached XP level 4. HP: 28/28 MP: 7/14
   282 | D        | Noticed Sigmund
   302 | D        | HP: 5/28 [Sigmund/scythe of venom (4)]
   307 | D        | HP: 3/28 [poisoned by Sigmund]
   308 | D        | Slain by Sigmund

Vault maps used:
D:        dungeon_sprint_1

Skill      XL: |  1  2 |
---------------+-------+-----
Fighting       | 1 3 |  3.1
Dodging        | 3 5 |  5.4
Spellcasting   | 4 6 |  6.1
Conjurations   | 2 4 |  4.5
Fire Magic     | 4 5 |  5.5
Stealth        | |  2.4

Action                   |  1- 3 |  4- 6 || total
-------------------------+-------+-------++-------
Melee: Unarmed           |     8 |     8 ||    16
 Cast: Flame Tongue      |     8 |     3 ||    11
  Use: Potion            |     1 |       ||     1
Armor: Robe              |     1 |       ||     1
Dodge: Dodged            |     5 |     7 ||    12

Vault maps used:
D:        dungeon_sprint_1

Table legend:
 A = Turns spent in this place as a percentage of turns spent in the entire game.
 B = Non-inter-level travel turns spent in this place as a percentage of non-inter-level travel turns spent in the entire game.
 C = Inter-level travel turns spent in this place as a percentage of turns spent in this place.
 D = Turns resting spent in this place as a percentage of non-inter-level travel turns spent in this place.
 E = Turns spent auto-exploring this place as a percentage of non-inter-level travel turns spent in this place.
 F = Non-inter-level travel turns spent in this place divided by the number of levels of this place that you've seen.
                   A       B       C       D       E      F
               +-------+-------+-------+-------+-------+----------------------
         Total | 100.0 | 100.0 |   0.0 |   9.2 |   0.0 |  76.0
       Dungeon | 100.0 | 100.0 |   0.0 |   9.2 |   0.0 |  76.0
               +-------+-------+-------+-------+-------+----------------------

Table legend:
 A = Kills in this place as a percentage of kills in entire the game.
 B = Kills by you in this place as a percentage of kills by you in the entire game.
 C = Kills by friends in this place as a percentage of kills by friends in the entire game.
 D = Other kills in this place as a percentage of other kills in the entire game.
 E = Experience gained in this place as a percentage of experience gained in the entire game.
 F = Experience gained in this place divided by the number of levels of this place that you have seen.
                   A       B       C       D       E      F
               +-------+-------+-------+-------+-------+----------------------
         Total | 100.0 | 100.0 |  -nan |  -nan | 100.0 | 157.0
       Dungeon | 100.0 | 100.0 |  -nan |  -nan | 100.0 | 157.0
               +-------+-------+-------+-------+-------+----------------------
